 Dungeon Crawl Stone Soup version 0.29-a0-1016-g236c7fd91e (webtiles) character file.

Game seed: 10360772979128405728

9188 Manisian the Thaumaturge (level 11, -10/58 HPs)
             Began as a Deep Elf Summoner on Aug 9, 2022.
             Was a Priest of Sif Muna.
             Shot with an arrow by a centaur warrior (18 damage)
             ... on level 9 of the Dungeon.
             The game lasted 00:33:29 (12869 turns).

Manisian the Thaumaturge (Deep Elf Summoner)       Turns: 12869, Time: 00:33:30

Health: -10/58     AC:  4    Str: 13    XL:     11   Next: 19%
Magic:  18/30      EV: 29    Int: 21    God:    Sif Muna [***...]
Gold:   468        SH:  0    Dex: 15    Spells: 8/36 levels left

rFire   . . .      SeeInvis .   u - +6 glaive (venom)
rCold   . . .      Faith    .   (shield currently unavailable)
rNeg    . . .      Spirit   .   t - +2 robe of Indecent Exposure {Str+4}
rPois   +          Reflect  .   (no helmet)
rElec   .          Harm     .   (no cloak)
rCorr   .          Rampage  .   (no gloves)
Will    +....                   (no boots)
Stlth   +++.......              p - amulet of the acrobat
HPRegen 0.19/turn               w - ring of poison resistance
MPRegen 0.22/turn               j - +4 ring of slaying

@: about to teleport, acrobatic, studying Fighting
A: no striking features
a: Renounce Religion, Channel Magic, Forget Spell


You were on level 9 of the Dungeon.
You worshipped Sif Muna.
Sif Muna was most pleased with you.
You visited 2 branches of the dungeon, and saw 10 of its levels.
You also visited: Bailey.

You collected 552 gold pieces.
You spent 84 gold pieces at shops.

Inventory:

Hand Weapons
 l - the +6 shillelagh "Devastator" {shatter}
   (You found it on level 8 of the Dungeon)

   It releases a powerful concussive burst when it strikes, dealing extra damage
   to the target and all other foes adjacent to them.
 n - a +0 glaive of freezing
 o - the +10 rapier "Aqaxiy" {chaos, rN+ SInv}
   (You found it on level 5 of the Dungeon)

   Each time it hits an enemy it has a different, random effect.
   rN:        It protects you from negative energy.
   SInv:      It lets you see invisible.
 u - a +6 glaive of venom (weapon)
 A - the +7 spear of Yralysechi {drain, Will++ rCorr Int-2 SInv}
   (You found it on level 9 of the Dungeon)

   A truly terrible weapon, it drains the life of any living foe it strikes.
   Int:       It affects your intelligence (-2).
   SInv:      It lets you see invisible.
   rCorr:     It protects you from acid and corrosion.
   Will:      It greatly increases your willpower.
Missiles
 r - 2 throwing nets
Armour
 t - the +2 robe of Indecent Exposure (worn) {Str+4}
   (You found it in a bailey)

   Str:       It affects your strength (+4).
 v - a +2 robe of willpower
Jewellery
 j - a +4 ring of slaying (right hand)
 p - an amulet of the acrobat (around neck)
 w - a ring of poison resistance (left hand)
 y - a ring of protection from fire
Wands
 a - a wand of roots (10)
 h - a wand of charming (15)
 m - a wand of polymorph (4)
Scrolls
 d - a scroll of enchant armour
 e - 2 scrolls of poison
 q - 3 scrolls of teleportation
 s - 2 scrolls of identify
Potions
 b - a potion of magic
 c - a potion of curing
 f - 2 potions of flight
 g - a potion of brilliance
 i - a potion of cancellation
 k - a potion of berserk rage
 x - a potion of ambrosia
 z - a potion of mutation
 B - a potion of resistance {unknown}


   Skills:
 + Level 2.5 Fighting
 + Level 4.7 Polearms
 + Level 5.3 Dodging
 + Level 5.3 Stealth
 + Level 0.3 Unarmed Combat
 + Level 13.1 Spellcasting
 + Level 1.3 Conjurations
 + Level 4.6 Hexes
 + Level 11.1 Summonings
 + Level 1.1 Fire Magic
 + Level 4.6 Air Magic


You had 8 spell levels left.
You knew the following spells:

 Your Spells              Type           Power      Damage    Failure   Level
a - Summon Small Mammal   Summ           100%       N/A       1%          1
b - Call Imp              Summ           57%        N/A       1%          2
c - Call Canine Familiar  Summ           57%        N/A       1%          3
d - Summon Guardian Gole  Hex/Summ       47%        N/A       1%          3
e - Summon Lightning Spi  Summ/Air       46%        N/A       1%          4
f - Summon Cactus Giant   Summ           28%        N/A       8%          6
g - Summon Hydra          Summ           28%        N/A       38%         7
h - Apportation           Tloc           26%        N/A       4%          1
i - Foxfire               Conj/Fire      72%        2x1d7     2%          1

Your spell library contained the following spells:

 Spells                   Type           Power      Damage    Failure   Level
 Shock                    Conj/Air       100%       1d9       1%          1
 Static Discharge         Conj/Air       26%        3-7/arc   1%          2
 Ensorcelled Hibernation  Hex/Ice        46%        N/A       2%          2
 Swiftness                Air            33%        N/A       2%          3
 Sandblast                Erth           26%        2d8       4%          1
 Scorch                   Fire           36%        2d6       4%          2
 Passwall                 Tmut/Erth      10%        N/A       7%          2
 Sublimation of Blood     Necr           13%        N/A       7%          2
 Wereblood                Tmut           13%        N/A       7%          2
 Airstrike                Air            16%        2d(3-19)  7%          4
 Stone Arrow              Conj/Erth      32%        3d9       11%         3
 Spider Form              Tmut/Pois      13%        N/A       14%         3
 Anguish                  Hex/Necr       11%        N/A       19%         4
 Flame Wave               Conj/Fire      18%        2d7       28%         4
 Sticky Flame             Conj/Fire      18%        2d4       28%         4
 Dispel Undead            Necr           13%        3d9       43%         4
 Alistair's Intoxication  Tmut/Pois      8%         N/A       78%         5


Dungeon Overview and Level Annotations

Branches:
Dungeon (9/15)             Temple (1/1) D:5          Bailey (visited)
   Lair: D:8-11         Orc: D:9-12

Altars:
Ashenzari
Cheibriados
Dithmenos
Elyvilon
Fedhas
Gozag
Hepliaklqana
Kikubaaqudgha
Makhleb
Nemelex Xobeh
Okawaru
Qazlal
Ru
Sif Muna
Trog
Uskayaw
Vehumet
Wu Jian
Xom
Yredelemnul
Zin
The Shining One

Shops:
D:4 *   D:6 (*(*(


Message History

Your lightning spire disappears in a puff of smoke!
Your wolf is engulfed in blazing flames.
Your wolf bites the wight but does no damage.
Your wolf is engulfed in blazing flames.
Your wolf bites the wight.
The wight barely misses your wolf.
Your wolf is engulfed in blazing flames.
Your wolf bites the wight!
Your wolf is engulfed in blazing flames.
Your wolf dies!
Your wolf's corpse disappears in a puff of smoke!
A howler monkey comes into view.
The howler monkey hoots and howls with incredible vigour!
You hear an angry growl.
You reach to attack!
You hit the wight but do no damage.
The wight is almost destroyed.
You reach to attack!
You slash the wight!
You destroy the wight!
Sif Muna accepts your kill.
You reach to attack!
You barely miss the howler monkey.
A centaur warrior comes into view.
Unknown command.
The centaur warrior shouts!
You slice the howler monkey!!
You kill the howler monkey!
Sif Muna accepts your kill.
The centaur warrior wields a +0 shortbow.
The centaur warrior shoots an arrow.
The arrow hits you!
You hear a shout!
As you read the scroll of teleportation, it crumbles to dust.
You feel strangely unstable.
The centaur warrior shoots an arrow.
The arrow hits you!
A centaur warrior comes into view.
The centaur warrior shoots an arrow.
The arrow hits you!
* * * LOW HITPOINT WARNING * * *
You feel much better.
The centaur warrior shoots an arrow.
The arrow hits you!!
The centaur warrior wields a +0 longbow.
The centaur warrior shoots an arrow.
The arrow hits you!
* * * LOW HITPOINT WARNING * * *
The centaur warrior shoots an arrow.
The arrow hits you!!
You die...

.......
.......#############
......cc...........#
...................#
..[................#
...................#
.......°†........).#
.....))..........8.#
.........@.........#
##.######..........#
#...######.# #. #...# #.#
#.######...# #.#
#########..........######.#
....................))))..#
.................########.#
.................# #.#


You could see 2 centaur warriors.

Vanquished Creatures
  A nameless horror (D:8)
  A yak (D:8)
  2 orc warriors (Bailey)
  An ogre (D:5)
  An ice beast (D:6)
  2 sky beasts (D:7)
  A phantom (D:5)
  2 centaurs (Bailey)
  2 bullfrogs
  A scorpion (D:6)
  A wight (D:9)
  2 howler monkeys
  A hound (D:6)
  A gnoll bouda (D:8)
  2 orc priests
  Ijyb (D:4)
  An iguana (D:5)
  An orc wizard (D:9)
  2 gnolls (D:8)
  An adder (D:2)
  2 white imps
  7 orcs
  3 ball pythons
  2 endoplasms
  2 hobgoblins (D:2)
  2 jackals (D:2)
  A quokka (D:2)
  A goblin (D:1)
  A kobold (D:8)
  A rat (D:2)
49 creatures vanquished.

Vanquished Creatures (collateral kills)
  2 two-headed ogres
  Amaemon (D:8)
  Pikel (D:6)
  An orange demon (D:8)
  A gargoyle (D:8)
  A kobold demonologist (D:9)
  3 yaks
  Eustachio (D:6)
  A nameless horror (Bailey)
  7 orc warriors (Bailey)
  2 ice beasts
  A black bear (D:7)
  An ogre (D:5)
  8 centaurs (Bailey)
  2 kobold brigands (D:8)
  Blork the orc (D:6)
  3 bullfrogs
  2 necrophages (D:5)
  2 scorpions
  4 wights
  5 killer bees
  A hound (D:6)
  4 orc priests
  3 jellies
  An iguana (D:6)
  2 adders
  6 gnolls
  A white imp (D:6)
  2 ufetubi
  A dart slug (D:3)
  26 orcs
  7 ball pythons
  2 endoplasms
  6 giant cockroaches
  8 goblins
  4 hobgoblins
  4 jackals (D:1)
  3 quokkas
  5 bats
  2 frilled lizards
  13 kobolds
  6 rats (D:1)
157 creatures vanquished.

Vanquished Creatures (others)
  2 yaks (D:7)
  Menkaure (D:4)
  A water moccasin (D:7)
  An orc warrior (D:7)
  2 ogres
  2 wights
  3 killer bees
  An orc (Bailey)
  5 demonic plants (D:8)
  63 foxfires
  A fungus (D:1)
  A plant (D:1)
83 creatures vanquished.

Grand Total: 289 creatures vanquished

Notes
Turn   | Place    | Note
-------+----------+-------------------------------------------
     0 | D:1      | Manisian the Deep Elf Summoner began the quest for the Orb.
     0 | D:1      | Reached XP level 1. HP: 10/10 MP: 6/6
   465 | D:1      | Reached XP level 2. HP: 11/15 MP: 5/8
   475 | D:1      | Learned a level 2 spell: Call Imp
   642 | D:1      | Reached skill level 5 in Summonings
  1099 | D:1      | Found a faded altar of an unknown god.
  1107 | D:1      | Got Plato's Lectures on the Coals
  1434 | D:1      | Reached XP level 3. HP: 19/19 MP: 6/9
  1471 | D:1      | Learned a level 3 spell: Call Canine Familiar
  1473 | D:1      | Learned a level 1 spell: Foxfire
  2601 | D:2      | Reached skill level 4 in Spellcasting
  2855 | D:2      | Reached XP level 4. HP: 18/24 MP: 4/12
  3506 | D:3      | Found a shadowy altar of Dithmenos.
  4243 | D:4      | Reached XP level 5. HP: 19/28 MP: 10/14
  4379 | D:4      | Learned a level 3 spell: Summon Guardian Golem
  4385 | D:4      | Noticed Ijyb
  4410 | D:4      | Killed Ijyb
  4411 | D:4      | Reached skill level 5 in Spellcasting
  4704 | D:4      | Found Kuhu's General Store.
  4870 | D:4      | Noticed Menkaure
  4890 | D:4      | Killed Menkaure
  4891 | D:4      | Reached XP level 6. HP: 4/32 MP: 6/16
  5407 | D:5      | Entered Level 5 of the Dungeon
  5538 | D:5      | Reached skill level 1 in Polearms
  5538 | D:5      | Reached skill level 6 in Spellcasting
  5698 | D:5      | Reached skill level 1 in Fire Magic
  5741 | D:5      | Found a staircase to the Ecumenical Temple.
  5786 | D:5      | Identified the +10 rapier "Aqaxiy" {chaos, rN+ SInv}
  5804 | D:5      | Reached XP level 7. HP: 37/37 MP: 9/18
  5817 | D:5      | Learned a level 4 spell: Summon Lightning Spire
  5822 | D:5      | Reached skill level 1 in Fighting
  5822 | D:5      | Reached skill level 1 in Conjurations
  6000 | D:5      | Reached skill level 1 in Hexes
  6332 | D:5      | Reached skill level 7 in Spellcasting
  6395 | Temple   | Entered the Ecumenical Temple
  6444 | Temple   | Became a worshipper of Sif Muna the Loreminder
  6976 | D:6      | Noticed Eustachio
  7010 | D:6      | Killed Eustachio
  7011 | D:6      | Reached XP level 8. HP: 2/43 MP: 3/21
  7051 | D:6      | Reached skill level 8 in Spellcasting
  7318 | D:6      | Learned a level 7 spell: Summon Hydra
  7320 | D:6      | Learned a level 1 spell: Apportation
  7543 | D:6      | Found Qosoleq's Weapon Boutique.
  7553 | D:6      | Bought a +0 glaive for 84 gold pieces
  7643 | D:6      | Noticed Blork the orc
  7653 | D:6      | Killed Blork the orc
  7794 | D:6      | Reached skill level 1 in Air Magic
  7877 | D:6      | Reached skill level 9 in Spellcasting
  7908 | D:6      | Found Jociu's General Store.
  8280 | D:6      | Noticed Pikel
  8288 | D:6      | Killed Pikel
  8289 | D:6      | Reached XP level 9. HP: 36/48 MP: 12/24
  8404 | D:6      | Found Liba's Weapon Shop.
  8434 | D:6      | Found Enaug's General Store.
  8570 | D:6      | Found Lyshrah's Weapon Shop.
  8601 | D:6      | Identified a scroll of acquirement
  8601 | D:6      | Acquired a book of Scorching
  8645 | D:7      | Reached * piety under Sif Muna
  8724 | D:7      | Reached skill level 10 in Spellcasting
  9265 | D:7      | Learned a level 6 spell: Summon Cactus Giant
  9590 | D:8      | Noticed an orange demon
  9600 | D:8      | Noticed Amaemon
  9605 | D:8      | Killed an orange demon
  9606 | D:8      | Reached skill level 11 in Spellcasting
  9608 | D:8      | Killed Amaemon
  9609 | D:8      | Reached skill level 10 in Summonings
  9609 | D:8      | Reached XP level 10. HP: 53/53 MP: 13/27
 10124 | D:8      | Noticed a two-headed ogre
 10130 | D:8      | Reached skill level 12 in Spellcasting
 10137 | D:8      | Killed a two-headed ogre
 10162 | D:8      | Noticed a gargoyle
 10167 | D:8      | Killed a gargoyle
 10423 | D:8      | Reached ** piety under Sif Muna
 10480 | D:8      | Found the +6 shillelagh "Devastator" {shatter}
 10816 | D:8      | Found a stormy altar of Qazlal.
 10820 | D:8      | Found a sacrificial altar of Ru.
 10820 | D:8      | Found a white marble altar of Elyvilon.
 10820 | D:8      | Found a snail-covered altar of Cheibriados.
 10822 | D:8      | Found an opulent altar of Gozag.
 10824 | D:8      | Found an iron altar of Okawaru.
 10984 | D:9      | Noticed a two-headed ogre
 10985 | D:9      | Noticed a nameless horror
 10993 | D:8      | Killed a nameless horror
 11319 | D:9      | Found a flagged portal.
 11334 | D:9      | Identified the +7 spear of Yralysechi {drain, Will++ rCorr
                  | Int-2 SInv}
 11338 | Bailey   | Entered a bailey
 11377 | Bailey   | Reached skill level 5 in Stealth
 12104 | Bailey   | Reached XP level 11. HP: 47/58 MP: 22/29
 12124 | Bailey   | Reached skill level 5 in Dodging
 12149 | Bailey   | Reached *** piety under Sif Muna
 12406 | Bailey   | Identified the +2 robe of Indecent Exposure {Str+4}
 12642 | D:9      | Noticed a two-headed ogre
 12651 | D:9      | Killed a two-headed ogre
 12652 | D:9      | Reached skill level 13 in Spellcasting
 12865 | D:9      | Noticed a centaur warrior
 12867 | D:9      | Noticed a centaur warrior
 12869 | D:9      | Shot with an arrow by a centaur warrior

Illustrated notes

Levels and vault maps discovered:
D:1:      minmay_arrival_cross, layout_basic,
          shapermc_ecumenical_altar_rom_forum
D:2:      layout_basic, serial_glass, glass_columns_a, glass_columns_a,
          minivault_23
D:3:      layout_basic, mainiacjoe_overflow_chevrons, minivault_26
D:4:      layout_loops_ring, serial_shops, nicolae_shop_advertising_works
          [nicolae_subvault_shop_adworks], uniq_ijyb, uniq_menkaure
D:5:      layout_gridville, minmay_temple_entry_stoned_glass
D:6:      layout_cave_pools, serial_shops, kennysheep_mini,
          nicolae_shop_statue_plus, nicolae_square_shop,
          nicolae_shop_competitors_out_of_business, nicolae_square_shop,
          kennysheep_generic_room_11, uniq_blork_the_orc, uniq_pikel,
          uniq_eustachio
D:7:      layout_rooms
D:8:      layout_gridville, minitemple, dreamdust_princess_corridor,
          dilly_guarded_unrand_devastator, uniq_amaemon
D:9:      layout_long_grid, enter_bailey_2, grunt_ogre_cave, minivault_28,
          uniq_grum, uniq_psyche
Temple:   eino_wide_crystal_templ

Skill      XL: |  1  2  3  4  5  6  7  8  9 10 11 |
---------------+----------------------------------+-----
Summonings     | 5 6 7 8 10 11 | 11.1
Spellcasting   | 4 5 6 7 9 11 12 13 | 13.1
Dodging        | 3 4 5 |  5.3
Stealth        | 3 4 5 |  5.3
Polearms       | 1 2 3 4 |  4.7
Fire Magic     | 1 |  1.1
Fighting       | 1 2 |  2.5
Conjurations   | 1 |  1.3
Hexes          | 1 3 4 |  4.6
Air Magic      | 1 3 4 |  4.6
Unarmed Combat | |  0.3

Action                   |  1- 3 |  4- 6 |  7- 9 | 10-12 || total
-------------------------+-------+-------+-------+-------++-------
Melee: Unarmed           |    15 |    11 |       |       ||    26
       Trident           |       |    35 |    25 |       ||    60
       Glaive            |       |       |    40 |    56 ||    96
 Cast: Summon Small Mamm |    42 |    33 |     5 |       ||    80
       Call Imp          |     7 |     4 |    13 |       ||    24
       Foxfire           |    24 |    19 |       |       ||    43
       Call Canine Famil |     2 |     7 |    16 |     3 ||    28
       Summon Guardian G |       |     5 |    14 |    11 ||    30
       Summon Lightning  |       |       |    17 |    20 ||    37
       Summon Cactus Gia |       |       |       |    10 ||    10
  Use: Scroll            |     3 |     6 |    10 |    10 ||    29
       Potion            |       |     1 |     2 |     3 ||     6
 Stab: Sleeping          |       |     3 |     1 |       ||     4
       Distracted        |       |       |       |     2 ||     2
Armor: Robe              |    15 |     4 |     9 |    11 ||    39
Dodge: Dodged            |    37 |    48 |    34 |   105 ||   224

Table legend: (Time is in decaauts)
 A = Elapsed time spent in this place.
 B = Non-inter-level travel time spent in this place.
 C = Inter-level travel time spent in this place.
 D = Time resting spent in this place.
 E = Time spent auto-exploring this place.
 F = Levels seen in this place.
 G = Mean time per level.
                   A        B        C        D        E       F      G
               +--------+--------+--------+--------+--------+-----+--------+
         Total |  12959 |  12381 |    578 |    811 |   9156 |  11 | 1178.1 |
       Dungeon |  11579 |  11012 |    567 |    334 |   8813 |   9 | 1286.6 |
        Temple |     61 |     50 |     11 |      0 |     32 |   1 |   61.0 |
        Bailey |   1318 |   1318 |      0 |    477 |    311 |   1 | 1318.0 |
               +--------+--------+--------+--------+--------+-----+--------+

Top non-repeatable levels by time:
     D:1: 1899 daAuts
     D:6: 1669 daAuts
     D:8: 1606 daAuts
     D:5: 1513 daAuts
     D:2: 1415 daAuts
     D:4: 1362 daAuts
  Bailey: 1318 daAuts
     D:7: 914 daAuts
     D:3: 734 daAuts
     D:9: 463 daAuts
  Temple: 61 daAuts
